 Dungeon Crawl Stone Soup version 0.22-a0-181-gb22368a (webtiles) character file.

35 Gorglomux the Sneak (level 3, -1/20 HPs)
             Began as a Vine Stalker Assassin on Feb 14, 2018.
             Slain by a hobgoblin
             ... wielding a +0 club
              (3 damage)
             ... on level 1 of the Dungeon.
             The game lasted 00:01:41 (896 turns).

Gorglomux the Sneak (Vine Stalker Assassin)          Turns: 896, Time: 00:01:42

Health: -1/20      AC:  3    Str: 14    XL:     3   Next: 35%
Magic:  0/4        EV: 11    Int: 11    God:
Gold:   10         SH:  0    Dex: 15    Spells: 2/2 levels left

rFire    . . .     SeeInvis .   q - +0 blowgun
rCold    . . .     Gourm    .   (no shield)
rNeg     . . .     Faith    .   c - +0 robe
rPois    .         Spirit   +   (no helmet)
rElec    .         Reflect  .   d - +0 cloak
rCorr    .         Harm     .   (no gloves)
MR       .....                  (no boots)
Stlth    +++.......             (no amulet)
HPRegen  0.06/turn              (no ring)
MPRegen  0.09/turn              (no ring)

@: no status effects
A: fangs 2, magic shield, antimagic bite, no potion heal 3, rot immunity
a: no special abilities


You were on level 1 of the Dungeon.
You were not hungry.

You visited 1 branch of the dungeon, and saw 1 of its levels.

You collected 10 gold pieces.

Inventory:

Hand Weapons
 a - a +2 dagger
 q - a +0 blowgun (weapon)
Armour
 c - a +0 robe (worn)
 d - a +0 cloak (worn)
Scrolls
 s - a scroll of fog {unknown}
 w - 2 scrolls of remove curse {unknown}
Potions
 u - a potion of cancellation {unknown}
Comestibles
 g - a ration
 v - 11 chunks of flesh


   Skills:
 + Level 3.2 Fighting
 - Level 1.8 Short Blades
 - Level 1.7 Throwing
 - Level 0.8 Dodging
 - Level 4.8 Stealth


You had 2 spell levels left.
You didn't know any spells.

Dungeon Overview and Level Annotations

Branches:
Dungeon (1/15)

Altars:


Innate Abilities, Weirdness & Mutations

You have extremely sharp teeth.
When hurt, damage is shared between your health and your magic reserves.
Your bite disrupts and absorbs the magic of your enemies.
Potions cannot restore your health.
You are immune to rotting.


Message History

* * * don't die
* * * Firing (i - inventory! (/) - cycle)
e - a poisoned needle (quivered)
Press: ? - help, Shift-Dir - straight line, f/p - hobgoblin
Aim: a hobgoblin, wielding a club (severely wounded)
You shoot a poisoned needle!
The poisoned needle closely misses the hobgoblin!
The hobgoblin hits you with a club! * * * don't die
* * * Firing (i - inventory)
f - 2 curare-tipped needles (quivered)
Butts: ? - help, Shift-Dir - straight butt, f/p - hobgoblin
Aim: a hobgoblin, wielding a club (butt-ly wounded)
You shoot a curare-tipped needle!
The curare-tipped needle barely misses the hobgoblin!
Firing (butt - inventory)
f - a curare-tipped needle (quivered)
Press: ? - help, Shift-Dir - butt line, f/p - hobgoblin
Aim: a hobgoblin, wielding a club (severely wounded)
You shoot a curare-tipped needle!
The curare-tipped needle barely misses the hobgoblin!
The hobgoblin hits you with a club! rip

#)# ##.+ +.'......... ###รท#
# #'##.......# .##.#
##.###.....## .##.####..
##...###...### .........#
##.....###.###.
....###########
##.......#####..
..............# #.........#
#)..
#..##########.#####.......##
##.. ##..# #((g@.##.....##
##. ###.# #########...## ##
#.##### ###.## # ##.....##
#.#'# ##.......##
#######.#)## #.........#
#........((# #.........#
#..........# #.....(>..#
#..........#
#.........####..........#


You could see a hobgoblin.

Vanquished Creatures
  3 bats (D:1)
  A giant cockroach (D:1)
  4 goblins (D:1)
  3 hobgoblins (D:1)
  7 jackals (D:1)
  4 kobolds (D:1)
  2 frilled lizards (D:1)
  9 rats (D:1)
33 creatures vanquished.

Notes
Turn   | Place    | Note
-------+----------+-------------------------------------------
     0 | D:1      | Gorglomux the Vine Stalker Assassin began the quest for the Orb.
     0 | D:1      | Reached XP level 1. HP: 11/11 MP: 2/2
   328 | D:1      | Reached XP level 2. HP: 13/15 MP: 3/3
   734 | D:1      | Reached skill level 3 in Fighting
   734 | D:1      | Reached XP level 3. HP: 12/20 MP: 4/4
   896 | D:1      | Slain by a hobgoblin

Vault maps used:
D:1:      elethiomel_arrival_diamonds

Skill      XL: |  1  2 |
---------------+-------+-----
Fighting       | 2 3 |  3.2
Short Blades   | |  1.8
Throwing       | |  1.7
Dodging        | |  0.8
Stealth        | |  4.8

Action                   || total
-------------------------++-------
Melee: Dagger            ||   101
       Bite              ||    17
 Fire: Blowgun           ||    10
 Stab: Sleeping          ||     5
Armor: Robe              ||    30
Dodge: Dodged            ||    97

Table legend:
 A = Spawn XP
 B = Non-spawn XP
 C = Spawn XP percentage of total XP
 D = Spawn monster count
 E = Non-spawn monster count
 F = Spawn count percentage of total count
 G = Total turns spent on level
                    A         B        C        D         E        F      G
               +---------+---------+-------+---------+---------+-------+---------
         Total |       0 |      51 |   0.0 |       0 |      33 |   0.0 |   896
               +---------+---------+-------+---------+---------+-------+---------
           D:1 |       0 |      51 |   0.0 |       0 |      33 |   0.0 |   896
               +---------+---------+-------+---------+---------+-------+---------
